 Dungeon Crawl Stone Soup version 0.28-a0-850-g09de17f5b5 (webtiles) character file.

Game seed: 8357418973812966227

46 croobank the Sneak (level 3, 0/15 (17) HPs)
             Began as a Felid Delver on Nov 13, 2021.
             Slain by a goblin (7 damage)
             ... led by Robin
             ... on level 2 of the Dungeon.
             The game lasted 00:08:24 (1301 turns).

croobank the Sneak (Felid Delver)                   Turns: 1301, Time: 00:08:25

HP:   0/15 (17)     AC:  1    Str:  9    XL:     3   Next: 44%
MP:   4/4           EV: 17    Int: 11    God:
Gold: 30            SH:  0    Dex: 17    Spells: 2/2 levels left
                                        Lives: 0   Deaths: 0

rFire   . . .      SeeInvis +     - Unarmed
rCold   . . .      Faith    .   (shield unavailable)
rNeg    . . .      Spirit   .   (armour unavailable)
rPois   .          Reflect  .   (helmet unavailable)
rElec   .          Harm     .   (cloak unavailable)
rCorr   .          Rampage  .   (gloves unavailable)
Will    .....                   (boots unavailable)
Stlth   ++++......              (no amulet)
HPRegen 0.05/turn               (no ring)
MPRegen 0.09/turn               (no ring)

@: heavily drained, quick
A: very small, claws 1, fangs 3, see invisible, speed 1, shaggy fur 1, stealthy
paws, no weapons or thrown items, no armour, multi-lived
a: no special abilities


You were on level 2 of the Dungeon.
You visited 1 branch of the dungeon, and saw 5 of its levels.

You collected 30 gold pieces.

Inventory:

Wands
 e - a wand of digging (3)
Scrolls
 a - a scroll of fog
 b - 3 scrolls of magic mapping
 c - 2 scrolls of identify
 f - a scroll of teleportation
Potions
 d - a potion of ambrosia


   Skills:
 + Level 3.1 Fighting
 + Level 2.9 Dodging
 + Level 7.7 Stealth
 + Level 2.5 Unarmed Combat


You had 2 spell levels left.
You didn't know any spells.
Your spell library contained the following spells:

 Spells                   Type           Power      Damage    Failure   Level
 Ice Form                 Ice/Tmut       0%         N/A       98%         4
 Ozocubu's Refrigeration  Ice            0%         4d5       100%        7
 Animate Armour           Summ/Erth      Unusable   N/A       N/A         4

Dungeon Overview and Level Annotations

Branches:
Dungeon (5/15)
 Temple: D:4-7

Altars:

Annotations:
D:2 Robin


Innate Abilities, Weirdness & Mutations

You have sharp claws.
You have razor-sharp teeth.
You have supernaturally acute eyesight. (SInv)
You cover ground quickly. (Speed+)
You are covered in fur. (AC +1)
Your paws help you pounce on unaware monsters.
You are incapable of wielding weapons or throwing items.
You cannot wear armour.
You gain extra lives every three experience levels.


Message History

The adder bites you but does no damage. The adder closely misses you.
You miss the adder. Your bite misses the adder.
The adder is severely wounded.
The adder misses you.
You scratch the adder.
You kill the adder!
You start resting.
HP restored.
You see here an adder corpse.
A goblin and a hobgoblin come into view.
The goblin is wielding a +4 dagger of draining.
The goblin shouts!
You hear a shout! x5
A goblin comes into view. It is wielding a +3 dagger.
You barely miss the hobgoblin. The hobgoblin completely misses you.
You closely miss the hobgoblin. Your bite misses the hobgoblin.
Robin of the Strong Arm comes into view.
They are wielding a +0 whip.
The hobgoblin barely misses you.
You barely miss the hobgoblin. The hobgoblin barely misses you.
The goblin shouts!
You scratch the hobgoblin but do no damage.
You hear a shout! x2
A goblin comes into view. It is wielding a +0 dagger.
The hobgoblin misses you.
You closely miss the hobgoblin. Your bite misses the hobgoblin.
The hobgoblin hits you.
You scratch the hobgoblin.
The hobgoblin is almost dead.
The hobgoblin closely misses you.
You scratch the hobgoblin.
You kill the hobgoblin!
You completely miss the goblin.
The goblin hits you with a +4 dagger of draining.
You feel drained.
You closely miss the goblin.
The goblin hits you with a +4 dagger of draining.
You feel drained. Robin throws the goblin at you!
You scratch the goblin but do no damage.
Your bite misses the goblin.
The goblin hits you with a +4 dagger of draining!
You die...

#.#.#######
#.#..#....#
#).#.#.##.#
##.#.#.##.#
#.#...##.#
#.....##.#
#.....##.#
#...#.##†#########
#...#.##.....g@g.#
#.....##########g#
#.....# #.#
#.....# #g# g.#
.### g. g. ###


You could see Robin and 2 goblins.

Vanquished Creatures
  An adder (D:2)
  A dart slug (D:2)
  4 ball pythons
  3 endoplasms
  2 giant cockroaches (D:1)
  5 goblins
  2 hobgoblins (D:2)
  3 jackals (D:2)
  5 kobolds
  A quokka (D:3)
  A frilled lizard (D:2)
  4 rats
32 creatures vanquished.

Notes
Turn   | Place    | Note
-------+----------+-------------------------------------------
     0 | D:5      | croobank the Felid Delver began the quest for the Orb.
     0 | D:5      | Reached XP level 1. HP: 10/10 MP: 2/2
     9 | D:5      | Noticed a water moccasin
    28 | D:5      | Noticed a black bear
    85 | D:4      | Noticed a phantom
    93 | D:4      | Noticed a hound
   212 | D:2      | Reached skill level 7 in Stealth
   248 | D:2      | Reached XP level 2. HP: 14/14 MP: 3/3
   252 | D:2      | Got Loitzu's Tome of Freezing Earth
   267 | D:1      | You fall into a shaft and drop 1 floor!
   289 | D:1      | Found a faded altar of an unknown god.
   905 | D:2      | Reached XP level 3. HP: 17/17 MP: 4/4
  1289 | D:2      | Noticed Robin
  1301 | D:2      | Slain by a goblin

Illustrated notes

Levels and vault maps discovered:
D:1:      wander_arrival_desolate, layout_rooms,
          hellmonk_ecumenical_altar_crossroads
D:2:      layout_basic, uniq_robin
D:3:      layout_loops_ring, grunt_temple_overflow_open, lexackson_kobold_supper
D:4:      layout_cave_pods
D:5:      cheibrodos_quashed, layout_basic, minmay_temple_entry_proselytizer

Skill      XL: |  1 |
---------------+----+-----
Stealth        | 7 |  7.7
Fighting       | |  3.1
Dodging        | |  2.9
Unarmed Combat | |  2.5

Action                   || total
-------------------------++-------
Melee: Unarmed           ||    75
       Bite              ||     6
       Punch             ||     1
  Use: Scroll            ||     4
       Potion            ||     2
 Stab: Sleeping          ||    13
       Distracted        ||     1
Armor: Skin              ||     1
Dodge: Dodged            ||    40

Table legend: (Time is in decaauts)
 A = Elapsed time spent in this place.
 B = Non-inter-level travel time spent in this place.
 C = Inter-level travel time spent in this place.
 D = Time resting spent in this place.
 E = Time spent auto-exploring this place.
 F = Levels seen in this place.
 G = Mean time per level.
                   A        B        C        D        E       F      G
               +--------+--------+--------+--------+--------+-----+--------+
         Total |   1105 |   1085 |     20 |    115 |    639 |   5 |  221.0 |
       Dungeon |   1105 |   1085 |     20 |    115 |    639 |   5 |  221.0 |
               +--------+--------+--------+--------+--------+-----+--------+

Top non-repeatable levels by time:
     D:1: 504 daAuts
     D:2: 476 daAuts
     D:5: 68 daAuts
     D:3: 37 daAuts
     D:4: 18 daAuts
